 Dungeon Crawl Stone Soup version 0.31.0-2-g5a2aebc5c2 (webtiles) character file.

Game seed: 6032842296838932522

16 SnakkuSnakku7 the Chopper (level 2, 0/24 HPs)
             Began as a Formicid Cinder Acolyte on Jan 20, 2024.
             Was a High Priest of Ignis.
             Slain by a hobgoblin (4 damage)
             ... on level 1 of the Dungeon.
             The game lasted 00:00:21 (197 turns).

SnakkuSnakku7 the Chopper (Formicid Cinder Acolyte)  Turns: 197, Time: 00:00:22

Health: 0/24       AC:  2    Str: 18    XL:     2   Next: 70%
Magic:  3/3        EV: 11    Int: 13    God:    Ignis [*****.]
Gold:   19         SH:  0    Dex:  9    Spells: 3/3 levels left

rFire   + . .        a - -1 hand axe (flame)
rCold   . . .        (no shield)
rNeg    . . .        b - +0 robe
rPois   .            (helmet unavailable)
rElec   .            (no cloak)
rCorr   .            (no gloves)
SInv    +            (no boots)
Will    .....        (no amulet)
Stlth   +            (no ring)
HPRegen 0.24/turn    (no ring)
MPRegen 0.08/turn

%: no passive effects
@: no status effects
A: permanent stasis, dig shafts and tunnels, antennae 3, four strong arms
a: Dig, Shaft Self, Renounce Religion, Fiery Armour, Foxfire Swarm, Rising Flame


You were on level 1 of the Dungeon.
You worshipped Ignis.
Ignis was extremely pleased with you.
You visited 1 branch of the dungeon, and saw 1 of its levels.

You collected 19 gold pieces.

Inventory:

Hand Weapons
 a - a -1 hand axe of flaming (weapon)
Armour
 b - a +0 robe (worn)
Scrolls
 c - a scroll of identify {unknown}
 d - a scroll of butterflies {unknown}


   Skills:
 - Level 3.2 Fighting
 + Level 3.8 Axes
 - Level 1.1 Spellcasting
 - Level 3.0 Fire Magic


You had 3 spell levels left.
You didn't know any spells.
Your spell library contained the following spells:

 Spells                   Type           Power      Damage    Failure   Level
 Scorch                   Fire           16%        2d5       12%         2


Dungeon Overview and Level Annotations

Branches:
Dungeon (1/15)

Altars:


Innate Abilities, Weirdness & Mutations

You cannot be hasted, slowed, berserked, paralysed or teleported.
You can dig through walls and to a lower floor.
You have a pair of large antennae on your head. (SInv)
Your four strong arms can wield two-handed weapons with a shield.


Message History

You hit the endoplasm but do no damage. You punch the endoplasm.
The endoplasm is moderately wounded.
The endoplasm hits you.
You hit the endoplasm. You burn the endoplasm.
You kill the endoplasm!
You barely miss the goblin.
The goblin hits you with a +2 dagger of protection.
You barely miss the goblin. The goblin closely misses you.
You barely miss the goblin. The goblin misses you.
The goblin closely misses you.
You closely miss the goblin.
A hobgoblin comes into view.
The goblin barely misses you.
You barely miss the goblin.
The hobgoblin shouts!
The goblin barely misses you.
You closely miss the goblin. The goblin closely misses you.
You closely miss the goblin. The goblin closely misses you.
You hit the goblin. You burn the goblin.
You kill the goblin!
Items here: $ ) ††††.
You closely miss the hobgoblin. The hobgoblin barely misses you.
You barely miss the hobgoblin. The hobgoblin hits you.
You barely miss the hobgoblin. The hobgoblin closely misses you.
You closely miss the hobgoblin. The hobgoblin closely misses you.
You hit the hobgoblin but do no damage. The hobgoblin hits you.
The hobgoblin barely misses you.
You barely miss the hobgoblin. The hobgoblin misses you.
You completely miss the hobgoblin.
The hobgoblin hits you but does no damage.
You hit the hobgoblin but do no damage. The hobgoblin barely misses you.
You closely miss the hobgoblin. The hobgoblin hits you.
You hit the hobgoblin. You burn the hobgoblin.
The hobgoblin is moderately wounded.
The hobgoblin hits you.
* * * LOW HITPOINT WARNING * * *
You hit the hobgoblin but do no damage.
The hobgoblin is moderately wounded.
The hobgoblin hits you.
You die...

.$..! ,..^. ,...#
,... #.. #.# #.#
.... #g# #..# #@#
#..# ##...## #.#
#..# ##.....# #.#
#..# ........ #.#
#..#.# .....
#.####..#.# ... {
#$........# #.#
######..######.###
..................
...............###


You could see a hobgoblin.

Vanquished Creatures
  2 endoplasms (D:1)
  A goblin (D:1)
  7 jackals (D:1)
  A ball python (D:1)
  A frilled lizard (D:1)
  A rat (D:1)
13 creatures vanquished.

Notes
Turn   | Place    | Note
-------+----------+-------------------------------------------
     0 | D:1      | SnakkuSnakku7 the Formicid Cinder Acolyte began the quest
                  | for the Orb.
     0 | D:1      | Reached XP level 1. HP: 18/18 MP: 2/2
   157 | D:1      | Reached XP level 2. HP: 23/24 MP: 3/3
   197 | D:1      | Slain by a hobgoblin

Illustrated notes

Levels and vault maps discovered:
D:1:      ldierk_walled_garden, layout_loops_ring

Action                     || total
---------------------------++-------
  Melee: Hand axe          ||    56
         Punch             ||     2
 Armour: Robe              ||    24
  Dodge: Dodged            ||    32
